 Dungeon Crawl Stone Soup version 0.29.1-1-gd02db6906a (webtiles) character file.

Game seed: 17787500356211584695

5541 z5x3 the Frost Mage (level 10, -6/88 HPs)
             Began as a Naga Ice Elementalist on Oct 6, 2022.
             Was an Elder of Okawaru.
             Mangled by an orc knight
             ... wielding a +0 war axe
              (23 damage)
             ... in a bailey.
             The game lasted 00:30:57 (11675 turns).

z5x3 the Frost Mage (Naga Ice Elementalist)        Turns: 11675, Time: 00:30:57

Health: -6/88      AC: 11    Str: 12    XL:     10   Next: 71%
Magic:  11/16      EV: 10    Int: 18    God:    Okawaru [****..]
Gold:   393        SH:  0    Dex: 12    Spells: 0/17 levels left

rFire   + . .      SeeInvis +   f - +10 trident
rCold   . . .      Faith    .   (no shield)
rNeg    . . .      Spirit   .   B - +1 robe {Will+}
rPois   +          Reflect  .   (no helmet)
rElec   .          Harm     .   x - +0 cloak
rCorr   .          Rampage  .   A - +0 pair of gloves
Will    ++...                   (no barding)
Stlth   ++++......              (no amulet)
HPRegen 0.24/turn               c - +4 ring of protection
MPRegen 0.15/turn               q - ring of protection from fire

@: mighty, studying Necromancy, very slow
A: AC +3, large, see invisible, deformed body, poison resistance, slowness 2,
spit poison 1, naga tail 1
a: Spit Poison, Renounce Religion, Heroism, Finesse


You were in a bailey.
You worshipped Okawaru.
Okawaru was greatly pleased with you.
You visited 2 branches of the dungeon, and saw 10 of its levels.
You also visited: Bailey.

You collected 589 gold pieces.
You spent 196 gold pieces at shops.

Inventory:

Hand Weapons
 f - a +10 trident (weapon)
 n - a +2 dagger of speed
Missiles
 m - 90 stones
 D - 2 throwing nets
Armour
 x - a +0 cloak (worn)
 A - a +0 pair of gloves (worn)
 B - a +1 robe of willpower (worn)
Jewellery
 c - a +4 ring of protection (left hand)
 e - a ring of protection from fire
 q - a ring of protection from fire (right hand)
Wands
 g - a wand of quicksilver (7)
 h - a wand of flame (30)
 j - a wand of paralysis (19)
Scrolls
 a - a scroll of amnesia {unknown}
 d - a scroll of silence
 o - a scroll of enchant armour
 p - 3 scrolls of poison
 u - 2 scrolls of teleportation
 v - a scroll of torment {unknown}
 w - 2 scrolls of fear {unknown}
 y - a scroll of summoning
 z - a scroll of immolation {unknown}
 C - a scroll of magic mapping
 G - a scroll of fog {unknown}
Potions
 b - 3 potions of magic
 i - a potion of might
 k - a potion of flight {unknown}
 l - a potion of degeneration {unknown}
 r - 3 potions of resistance {unknown}
 s - 4 potions of mutation {unknown}
 t - a potion of attraction {unknown}
 E - a potion of brilliance {unknown}


   Skills:
 + Level 5.1 Fighting
 - Level 5.4 Polearms
 - Level 1.7 Dodging
 + Level 7.9 Stealth
 - Level 4.0 Spellcasting
 - Level 6.8 Conjurations
 + Level 4.3 Necromancy
 - Level 8.0 Ice Magic
 - Level 3.7 Earth Magic
 - Level 3.0 Invocations
 - Level 3.7 Evocations


You couldn't memorise any spells.
You knew the following spells:

 Your Spells              Type           Power      Damage    Failure   Level
a - Freeze                Ice            100%       1d11      1%          1
b - Frozen Ramparts       Ice            64%        1d10      1%          3
c - Ozocubu's Armour      Ice            32%        N/A       1%          3
d - Sandblast             Erth           34%        2d9       3%          1
e - Mephitic Cloud        Conj/Pois/Air  11%        N/A       17%         3
f - Hailstorm             Conj/Ice       30%        3d8       7%          4
g - Sublimation of Blood  Necr           19%        N/A       3%          2

Your spell library contained the following spells:

 Spells                   Type           Power      Damage    Failure   Level
 Magic Dart               Conj           100%       1d8       1%          1
 Ensorcelled Hibernation  Hex/Ice        36%        N/A       4%          2
 Stone Arrow              Conj/Erth      44%        3d9       4%          3
 Passwall                 Tmut/Erth      8%         N/A       11%         2
 Apportation              Tloc           6%         N/A       14%         1
 Portal Projectile        Hex/Tloc       6%         N/A       41%         3
 Swiftness                Air            3%         N/A       41%         3
 Leda's Liquefaction      Hex/Erth       5%         N/A       56%         4
 Petrify                  Tmut/Erth      10%        N/A       56%         4
 Irradiate                Conj/Tmut      7%         3d14      71%         5
 Iron Shot                Conj/Erth      11%        9d3       95%         6
 Alistair's Intoxication  Tmut/Pois      2%         N/A       99%         5
 Blade Hands              Tmut           1%         N/A       99%         5
 Call Imp                 Summ           Unusable   N/A       N/A         2
 Call Canine Familiar     Summ           Unusable   N/A       N/A         3
 Animate Armour           Summ/Erth      Unusable   N/A       N/A         4

Dungeon Overview and Level Annotations

Branches:
Dungeon (9/15)             Temple (1/1) D:4            Lair (0/5) D:9
 Bailey (1/1)
    Orc: D:9-12

Altars:
Ashenzari
Cheibriados
Dithmenos
Fedhas
Gozag
Hepliaklqana
Makhleb
Nemelex Xobeh
Okawaru
Qazlal
Sif Muna
Trog
Uskayaw
Vehumet
Wu Jian
Xom
Yredelemnul
Zin

Shops:
D:1 *   D:4 (!:   D:7 *   D:8 !


Innate Abilities, Weirdness & Mutations

Your serpentine skin is tough. (AC +3)
You have supernaturally acute eyesight. (SInv)
Armour fits poorly on your strangely shaped body.
Your system is resistant to poisons. (rPois)
You cover ground very slowly.
You can spit poison.
You have a snake-like lower body.


Message History

* * * LOW HITPOINT WARNING * * *
You completely miss the orc knight.
The orc knight is severely wounded.
The wall freezes the orc knight but does no damage.
The orc knight hits you but does no damage.
You hit the orc knight but do no damage.
The orc knight is severely wounded.
The wall freezes the orc knight.
The orc knight hits you with a +0 war axe!
* * * LOW HITPOINT WARNING * * *
Okay, then.
Press: ? - help, v - describe, . - travel, g - get item
Here: an orc knight, wielding a +0 war axe and wearing a +0 scale mail (severely wounded)
Items here: ))) [[[ ††.
An open door, spattered with blood.
You feel very mighty all of a sudden.
The wall freezes the orc knight but does no damage.
The orc knight hits you with a +0 war axe.
* * * LOW HITPOINT WARNING * * *
You puncture the orc knight!
The orc knight is almost dead.
You closely miss the orc knight.
The orc knight is almost dead.
The frozen ramparts melt away.
The orc knight closely misses you.
You puncture the orc knight!
You kill the orc knight!
Okawaru is honoured by your kill.
Your base Fighting skill increases to level 5!
Your Necromancy skill increases to level 4!
You close the door, pushing everything out of the way.
Items here: )))) [[[[.
Your icy armour cracks and falls away as you move.
Things that are here:
a +0 war axe; a +0 leather armour You feel like a meek peon again.
You start resting.
An orc comes into view. It is wielding a +0 hand axe.
The orc knight shouts!
The orc knight hits you with a +0 war axe!!
You die...

### ### ###.### ###.###
###.....### ###.....###
##.........###.........##
#...........#)..........#
#...........@)..........#
#.....⌠....o#.....⌠.....#
#...........#...........#
#...........#....o......#
###)........###......)))###
###.#)#.....###.###.....#+#.###
##.....###.###
...###.###)....## ......)..###
...o.###.))...... ......)...#
.g...##8.........


You could see an orc knight and an orc (wandering).

Vanquished Creatures
  An orc knight (Bailey)
  Pikel (D:7)
  Joseph (D:7)
  A wyvern (D:8)
  3 hogs (D:7)
  A human (D:7)
  A yak (D:7)
  An acid dragon (D:9)
  7 orc warriors (Bailey)
  A sky beast (D:7)
  2 ice beasts (D:5)
  A black bear (D:7)
  An ogre (D:4)
  6 centaurs
  A lemure (D:7)
  2 phantoms (D:6)
  4 bullfrogs
  A gnoll sergeant (D:6)
  3 necrophages
  2 scorpions
  A howler monkey (D:7)
  5 jellies
  7 hounds
  4 orc priests
  Crazy Yiuf (D:7)
  2 iguanas
  9 orc wizards
  8 gnolls
  2 adders
  2 shadow imps
  2 white imps (D:5)
  An ufetubus (D:4)
  A worm (D:2)
  31 orcs
  6 ball pythons
  8 endoplasms
  6 giant cockroaches
  20 goblins
  18 hobgoblins
  6 kobolds
  8 quokkas
  11 bats
  9 frilled lizards
  6 rats
215 creatures vanquished.

Notes
Turn   | Place    | Note
-------+----------+-------------------------------------------
     0 | D:1      | z5x3 the Naga Ice Elementalist began the quest for the Orb.
     0 | D:1      | Reached XP level 1. HP: 15/15 MP: 3/3
   207 | D:1      | Reached XP level 2. HP: 20/24 MP: 0/5
   441 | D:1      | Found Furghi Iloka's Assorted Antiques.
   594 | D:1      | Reached skill level 1 in Fighting
   600 | D:1      | Reached XP level 3. HP: 31/31 MP: 4/6
  1267 | D:2      | Found a faded altar of an unknown god.
  1288 | D:2      | Noticed a scorpion
  1300 | D:2      | Killed a scorpion
  1301 | D:2      | Reached XP level 4. HP: 27/39 MP: 1/8
  1305 | D:2      | Learned a level 3 spell: Frozen Ramparts
  1309 | D:2      | Learned a level 3 spell: Ozocubu's Armour
  1595 | D:2      | Reached XP level 5. HP: 39/45 MP: 5/9
  1787 | D:1      | Bought a scroll labelled YPNESE QUURE for 22 gold pieces
  2134 | D:3      | You fall into a shaft and drop 2 floors!
  2134 | D:5      | Entered Level 5 of the Dungeon
  2484 | D:5      | Reached skill level 5 in Stealth
  2583 | D:5      | Reached XP level 6. HP: 23/55 MP: 5/10
  2760 | D:4      | Found Foryocio's Book Boutique.
  2815 | D:4      | Reached skill level 5 in Ice Magic
  2877 | D:4      | Reached skill level 1 in Polearms
  3232 | D:4      | Found a staircase to the Ecumenical Temple.
  3248 | Temple   | Entered the Ecumenical Temple
  3329 | Temple   | Became a worshipper of Warmaster Okawaru
  3463 | D:4      | Reached XP level 7. HP: 44/61 MP: 4/12
  3554 | D:4      | Found a snail-covered altar of Cheibriados.
  3583 | D:4      | Found Fimenoz's Distillery.
  3606 | D:4      | Found Qarghyor's Weapon Boutique.
  3760 | D:1      | Bought a bubbling puce potion for 19 gold pieces
  3760 | D:1      | Bought a scroll labelled PENGAJ WETTUY for 22 gold pieces
  3760 | D:1      | Bought an inky potion for 19 gold pieces
  3760 | D:1      | Bought a scroll labelled BIACWAH ODUMIJ for 22 gold pieces
  4626 | D:1      | Learned a level 1 spell: Sandblast
  6047 | D:5      | Reached skill level 1 in Invocations
  6047 | D:5      | Reached skill level 1 in Evocations
  6146 | D:5      | Reached skill level 1 in Earth Magic
  6556 | D:5      | Reached XP level 8. HP: 43/69 MP: 6/14
  7197 | D:6      | Reached * piety under Okawaru
  7198 | D:6      | Reached skill level 6 in Ice Magic
  7966 | D:7      | Learned a level 3 spell: Mephitic Cloud
  7971 | D:7      | Learned a level 4 spell: Hailstorm
  8049 | D:7      | Found an opulent altar of Gozag.
  8075 | D:7      | Reached skill level 1 in Conjurations
  8075 | D:7      | Reached XP level 9. HP: 78/78 MP: 15/15
  8107 | D:7      | Noticed Pikel
  8118 | D:7      | Killed Pikel
  8118 | D:7      | Reached ** piety under Okawaru
  8308 | D:7      | Found a shimmering blue altar of Sif Muna.
  8346 | D:7      | Found Teutuaferu's Lightly-Used Armoury.
  8369 | D:7      | Found a runed translucent door.
  8370 | D:7      | Noticed Crazy Yiuf
  8379 | D:7      | Killed Crazy Yiuf
  8564 | D:7      | Reached skill level 7 in Ice Magic
  8632 | D:7      | Noticed Joseph
  8647 | D:7      | Killed Joseph
  8836 | D:7      | Reached *** piety under Okawaru
  8841 | D:7      | Reached skill level 5 in Conjurations
  9135 | D:7      | Reached skill level 5 in Polearms
  9135 | D:7      | Reached XP level 10. HP: 52/85 MP: 10/16
  9727 | D:8      | Reached **** piety under Okawaru
  9728 | D:8      | Reached skill level 8 in Ice Magic
  9850 | D:8      | Learned a level 2 spell: Sublimation of Blood
 10043 | D:8      | Found a stormy altar of Qazlal.
 10321 | D:8      | Found Telizoc's Distillery.
 10328 | D:8      | Bought a potion of heal wounds for 50 gold pieces
 10564 | D:4      | Bought a potion of curing for 42 gold pieces
 10789 | D:9      | Reached skill level 1 in Necromancy
 10822 | D:9      | Found a flagged portal.
 10840 | Bailey   | Entered a bailey
 11100 | Bailey   | Noticed an orc knight
 11117 | Bailey   | HP: 3/87 [orc warrior/+0 war axe (12)]
 11552 | Bailey   | Noticed an orc warlord
 11627 | Bailey   | Noticed an orc knight
 11643 | Bailey   | Killed an orc knight
 11644 | Bailey   | Reached skill level 5 in Fighting
 11675 | Bailey   | Mangled by an orc knight

Illustrated notes

Levels and vault maps discovered:
D:1:      minmay_arrival_jagged, layout_loops_cross, serial_shops,
          nicolae_shop_trees
D:2:      layout_rooms, shapermc_ecumenical_altar_mp_highgroup
D:3:      layout_basic, minmay_puff
D:4:      layout_loops_cross, cheibriados_altar_1, temple_green, serial_shops,
          nicolae_shop_advertising_works [nicolae_subvault_shop_adworks],
          nicolae_stop_n_shop_1, nicolae_shop_crystal
D:5:      layout_gridville
D:6:      layout_rooms, minmay_misc_feat_encased,
          hangedman_decor_clover_reticule
D:7:      layout_loops_corners, tgw_sif, grunt_gozag_statues,
          kennysheep_big_empty_room, minmay_shop_damaged, grunt_livestock,
          minmay_manual_mares, uniq_pikel, uniq_joseph, uniq_crazy_yiuf_cottage
D:8:      layout_loops_cross, kennysheep_little_box, serial_shops, shop
D:9:      layout_long_grid, mainiacjoe_overflow_boulevard, dpeg_oklobed_lair,
          enter_bailey_3
Temple:   nicolae_temple_great_sept
Bailey:   bailey_axe_minmay_hex_keep, bailey

Skill      XL: |  1  2  3  4  5  6  7  8  9 10 |
---------------+-------------------------------+-----
Fighting       | 1 2 3 4 5 |  5.1
Stealth        | 4 5 6 7 |  7.9
Spellcasting   | 3 4 |  4.0
Ice Magic      | 5 6 7 8 |  8.0
Polearms       | 2 5 |  5.4
Invocations    | 1 3 |  3.0
Evocations     | 2 3 |  3.7
Earth Magic    | 2 3 |  3.7
Conjurations   | 1 6 |  6.8
Necromancy     | 4 |  4.3
Dodging        | |  1.7

Action                   |  1- 3 |  4- 6 |  7- 9 | 10-12 || total
-------------------------+-------+-------+-------+-------++-------
Melee: Spear             |    62 |   117 |   167 |       ||   346
       Unarmed           |     2 |       |       |       ||     2
       Punch             |     1 |       |     9 |     3 ||    13
       Trident           |       |       |   112 |   134 ||   246
 Cast: Freeze            |    31 |    18 |    26 |     1 ||    76
       Frozen Ramparts   |       |     8 |    11 |    10 ||    29
       Ozocubu's Armour  |       |     6 |    11 |     6 ||    23
       Sandblast         |       |       |    14 |       ||    14
Invok: Heroism           |       |       |     1 |     4 ||     5
 Abil: Spit Poison       |     1 |     1 |     1 |       ||     3
Evoke: Wand              |       |       |       |     3 ||     3
  Use: Potion            |       |     7 |     3 |     7 ||    17
       Scroll            |       |     2 |     7 |     2 ||    11
 Stab: Sleeping          |     8 |    11 |    13 |     7 ||    39
       Distracted        |       |       |     2 |       ||     2
       Paralysed         |       |       |       |     3 ||     3
Armor: Robe              |    22 |       |    27 |    52 ||   101
       Leather armour    |     7 |    68 |   114 |       ||   189
Dodge: Dodged            |    45 |    60 |   127 |    60 ||   292
